APL (24 & UNDER)
NANTUCKET ORCAS @ BEAVERTON BRONZE SOULS
08/03/2030
 
TOP OF THE 1ST
Nantucket Orcas batting - Pitching for Beaverton Bronze Souls : RHP Wei-liang Zhuan
Pitching: RHP Wei-liang Zhuan
Batting: RHB Charlie Pérez 0-0: Ground out 5-3 (Groundball, 56S)
Batting: RHB Demetrio Inrouville 0-0: Ball
1-0: Foul Ball, location: 2F
1-1: Called Strike
1-2: Strikes out swinging
Batting: LHB Eugene Lee 0-0: Called Strike
0-1: Swinging Strike
0-2: Foul Ball, location: 2F
0-2: Strikes out swinging
Top of the 1st over - 0 runs, 0 hits, 0 errors, 0 left on base; Nantucket 0 - Beaverton 0
BOTTOM OF THE 1ST
Beaverton Bronze Souls batting - Pitching for Nantucket Orcas : RHP Emílio Benítez
Pitching: RHP Emílio Benítez
Batting: LHB José Guillén 0-0: Swinging Strike
0-1: Foul Ball, location: 2F
0-2: Strikes out swinging
Batting: LHB Chris White 0-0: Foul Ball, location: 2F
0-1: Ball
1-1: Ball
2-1: Ball
3-1: Base on Balls
Batting: RHB Steve Smith 0-0: Foul Ball, location: 2F
0-1: Swinging Strike
0-2: Ball
1-2: Foul Ball, location: 2F
1-2: Ball
2-2: Foul Ball, location: 2F
2-2: Foul Ball, location: 2F
2-2: Strikes out swinging
Batting: LHB Balduíno Bruschy 0-0: Ball
1-0: SINGLE (Groundball, 4D)
Chris White to second
Runner from 2nd tries for 3rd, SAFE, no throw
Batting: RHB Luis Carranza 0-0: Fly out, F7 (Flyball, 7LSF)
Bottom of the 1st over - 0 runs, 1 hit, 0 errors, 2 left on base; Nantucket 0 - Beaverton 0
TOP OF THE 2ND
Nantucket Orcas batting - Pitching for Beaverton Bronze Souls : RHP Wei-liang Zhuan
Batting: RHB Paul Bell 0-0: Called Strike
0-1: Ball
1-1: Swinging Strike
1-2: Ball
2-2: Foul Ball, location: 2F
2-2: Ball
3-2: Base on Balls
Batting: LHB Dennis King 0-0: Called Strike
0-1: Swinging Strike
0-2: Foul Ball, location: 2F
0-2: Foul Ball, location: 2F
0-2: Ball
1-2: Strikes out looking
Batting: RHB Armando Hernández 0-0: SINGLE (Line Drive, 6MD)
Paul Bell to second
Batting: RHB Curt O'Brian 0-0: Swinging Strike
0-1: Called Strike
0-2: Fly out, F8 (Flyball, 8RS)
Batting: RHB Luis Cruz 0-0: Swinging Strike
0-1: Foul Ball, location: 2F
0-2: SINGLE (Groundball, 56S) (infield hit)
Paul Bell to third
Armando Hernández to second
Batting: RHB Juan Gómez 0-0: Foul Ball, location: 2F
0-1: Ball
1-1: Ground out 1-3 (Groundball, 13)
Top of the 2nd over - 0 runs, 2 hits, 0 errors, 3 left on base; Nantucket 0 - Beaverton 0
BOTTOM OF THE 2ND
Beaverton Bronze Souls batting - Pitching for Nantucket Orcas : RHP Emílio Benítez
Batting: LHB Cisco Gallegos 0-0: Called Strike
0-1: Fly out, F8 (Flyball, 8LS)
Batting: RHB Salvador Castro 0-0: Called Strike
0-1: Ball
1-1: Ball
2-1: Ball
3-1: Base on Balls
Batting: SHB Teko de Bruin 0-0: Hit by Pitch
Salvador Castro to second
Batting: RHB Ricardo López 0-0: Called Strike
0-1: Ball
1-1: Foul Ball, location: 2F
1-2: Foul Ball, location: 2F
1-2: Strikes out swinging
Batting: LHB José Guillén 0-0: Ground out 4-3 (Groundball, 4)
Bottom of the 2nd over - 0 runs, 0 hits, 0 errors, 2 left on base; Nantucket 0 - Beaverton 0
TOP OF THE 3RD
Nantucket Orcas batting - Pitching for Beaverton Bronze Souls : RHP Wei-liang Zhuan
Batting: RHB Charlie Pérez 0-0: Ball
1-0: Foul Ball, location: 2F
1-1: Ball
2-1: SINGLE (Flyball, 8LS)
Batting: RHB Demetrio Inrouville 0-0: Foul Ball, location: 2F
0-1: SINGLE (Groundball, 4MD)
Charlie Pérez to second
Batting: LHB Eugene Lee 0-0: SINGLE (Line Drive, 4D)
Charlie Pérez to third
Demetrio Inrouville to second
Runner from 3rd tries for Home, SAFE, throw made at trailing runner, OUT at third!
Batting: RHB Paul Bell 0-0: Ball
Eugene Lee steals 2nd base
1-0: Fly out, F7 (Flyball, 78M)
Batting: LHB Dennis King 0-0: Called Strike
0-1: Ball
1-1: Foul Ball, location: 2F
1-2: Foul Ball, location: 2F
1-2: Strikes out swinging
Top of the 3rd over - 1 run, 3 hits, 0 errors, 1 left on base; Nantucket 1 - Beaverton 0
BOTTOM OF THE 3RD
Beaverton Bronze Souls batting - Pitching for Nantucket Orcas : RHP Emílio Benítez
Batting: LHB Chris White 0-0: Foul Ball, location: 2F
0-1: Ball
1-1: Ball
2-1: Called Strike
2-2: Ball
3-2: Fly out, F9 (Flyball, 9S)
Batting: RHB Steve Smith 0-0: SOLO HOME RUN (Flyball, 89D), Distance : 387 ft
Batting: LHB Balduíno Bruschy 0-0: Called Strike
0-1: Ball
1-1: Ball
2-1: Ball
3-1: Base on Balls
Batting: RHB Luis Carranza 0-0: SINGLE (Line Drive, 4MD)
Balduíno Bruschy to second
Batting: LHB Cisco Gallegos 0-0: Ball
1-0: SINGLE (Groundball, 6MD)
Balduíno Bruschy to third
Luis Carranza to second
Batting: RHB Salvador Castro 0-0: Ball
1-0: Called Strike
1-1: DOUBLE (Groundball, 5L)
Balduíno Bruschy scores
Luis Carranza scores
Cisco Gallegos to third
Runner from 3rd tries for Home, SAFE, no throw
Batting: SHB Teko de Bruin 0-0: SINGLE (Flyball, 6MD)
Salvador Castro to third
Batting: RHB Ricardo López 0-0: Ball
Teko de Bruin steals 2nd base
1-0: Foul Ball, location: 2F
1-1: Fly out, F8 (Flyball, 8RD)
Runner from 3rd tags up, SCORES, throw made
Batting: LHB José Guillén 0-0: Ball
Teko de Bruin steals 3rd base
1-0: Ball
2-0: Foul Ball, location: 2F
2-1: SINGLE (Flyball, 78S)
Teko de Bruin scores
Pitching: LHP Jesús Garza
Batting: LHB Chris White 0-0: Ball
1-0: Called Strike
1-1: Ball
2-1: Fly out, F2 (Popup, 2L)
Bottom of the 3rd over - 6 runs, 6 hits, 0 errors, 1 left on base; Nantucket 1 - Beaverton 6
TOP OF THE 4TH
Nantucket Orcas batting - Pitching for Beaverton Bronze Souls : RHP Wei-liang Zhuan
Batting: RHB Armando Hernández 0-0: SINGLE (Line Drive, 78S)
Batting: RHB Curt O'Brian 0-0: Foul Ball, location: 2F
0-1: Fly out, F5 (Line Drive, 56)
Batting: RHB Luis Cruz 0-0: Called Strike
0-1: Ball
1-1: Fielders Choice at 2nd, 6-4 (Groundball, 6)
Now at 2B: José Dávila
Batting: RHB Juan Gómez 0-0: Ball
1-0: Ball
2-0: Ball
3-0: Base on Balls
Luis Cruz to second
Batting: RHB Charlie Pérez 0-0: Called Strike
0-1: Called Strike
0-2: Ball
1-2: Strikes out looking
Top of the 4th over - 0 runs, 1 hit, 0 errors, 2 left on base; Nantucket 1 - Beaverton 6
BOTTOM OF THE 4TH
Beaverton Bronze Souls batting - Pitching for Nantucket Orcas : LHP Jesús Garza
Batting: RHB Steve Smith 0-0: Called Strike
0-1: Ball
1-1: Fly out, F3 (Popup, 34D)
Batting: LHB Balduíno Bruschy 0-0: Ball
1-0: Ball
2-0: Called Strike
2-1: SINGLE (Line Drive, 89S)
Pitching: RHP Chuma Faqihi
Batting: RHB Luis Carranza 0-0: SINGLE (Groundball, 6MD)
Balduíno Bruschy to second
Runner from 2nd tries for 3rd, OUT!
Batting: LHB Cisco Gallegos 0-0: Called Strike
0-1: Called Strike
Luis Carranza steals 2nd base
0-2: Ball
1-2: Foul Ball, location: 2F
1-2: Strikes out swinging
Bottom of the 4th over - 0 runs, 2 hits, 0 errors, 1 left on base; Nantucket 1 - Beaverton 6
TOP OF THE 5TH
Nantucket Orcas batting - Pitching for Beaverton Bronze Souls : RHP Wei-liang Zhuan
Batting: RHB Demetrio Inrouville 0-0: SINGLE (Groundball, 56) (infield hit)
Batting: LHB Eugene Lee 0-0: Ball
1-0: Ball
2-0: Ball
3-0: Called Strike
3-1: Called Strike
3-2: SINGLE (Groundball, 4MD)
Demetrio Inrouville to second
Demetrio Inrouville to third
Batting: RHB Paul Bell 0-0: Called Strike
0-1: Called Strike
0-2: Fielders Choice at 2nd, 6-4 (Groundball, 6)
Demetrio Inrouville scores
Batting: LHB Dennis King 0-0: Called Strike
0-1: Ball
1-1: Foul Ball, location: 2F
1-2: Strikes out swinging
Batting: RHB Armando Hernández 0-0: Called Strike
0-1: Called Strike
0-2: Ball
1-2: Ball
2-2: SINGLE (Line Drive, 56D)
Paul Bell to second
Batting: RHB Curt O'Brian 0-0: Ball
1-0: Ball
2-0: Ball
3-0: Called Strike
3-1: 3-RUN HOME RUN (Flyball, 9LD), Distance : 357 ft
Batting: RHB Luis Cruz 0-0: Called Strike
0-1: Swinging Strike
0-2: Ball
1-2: Reached via error on a dropped throw, E3
Batting: RHB Juan Gómez 0-0: Ball
1-0: Ball
Luis Cruz is caught stealing 2nd base
Top of the 5th over - 4 runs, 4 hits, 1 error, 0 left on base; Nantucket 5 - Beaverton 6
BOTTOM OF THE 5TH
Beaverton Bronze Souls batting - Pitching for Nantucket Orcas : RHP Chuma Faqihi
Batting: RHB Salvador Castro 0-0: Fly out, F8 (Flyball, 8RD)
Batting: SHB Teko de Bruin 0-0: Ball
1-0: Foul Ball, location: 2F
1-1: Swinging Strike
1-2: Ground out 4-3 (Groundball, 4)
Batting: RHB José Dávila 0-0: Swinging Strike
0-1: Foul Ball, location: 2F
0-2: Ball
1-2: Foul Ball, location: 2F
1-2: Ball
2-2: Ball
3-2: Base on Balls
Batting: LHB José Guillén 0-0: Called Strike
0-1: Ball
1-1: Ball
2-1: Swinging Strike
2-2: SINGLE (Line Drive, 8LS)
José Dávila to second
Batting: LHB Chris White 0-0: Ball
1-0: Ground out 4-3 (Groundball, 4)
Bottom of the 5th over - 0 runs, 1 hit, 0 errors, 2 left on base; Nantucket 5 - Beaverton 6
TOP OF THE 6TH
Nantucket Orcas batting - Pitching for Beaverton Bronze Souls : RHP Wei-liang Zhuan
Batting: RHB Juan Gómez 0-0: Ball
1-0: Ball
2-0: Swinging Strike
2-1: Foul Ball, location: 2F
2-2: Fly out, F9 (Flyball, 9)
Batting: RHB Charlie Pérez 0-0: Ball
1-0: Swinging Strike
1-1: Swinging Strike
1-2: Strikes out swinging
Batting: RHB Demetrio Inrouville 0-0: Called Strike
0-1: Ground out 5-3 (Groundball, 56S)
Top of the 6th over - 0 runs, 0 hits, 0 errors, 0 left on base; Nantucket 5 - Beaverton 6
BOTTOM OF THE 6TH
Beaverton Bronze Souls batting - Pitching for Nantucket Orcas : RHP Chuma Faqihi
Batting: RHB Steve Smith 0-0: Called Strike
0-1: Called Strike
0-2: Ball
1-2: Foul Ball, location: 2F
1-2: SINGLE (Groundball, 6MD)
Batting: LHB Balduíno Bruschy 0-0: Called Strike
0-1: Foul Ball, location: 2F
0-2: Ball
1-2: Grounds into double play, 4-6-3 (Groundball, 4)
Batting: RHB Luis Carranza 0-0: Ball
1-0: Foul Ball, location: 2F
1-1: SINGLE (Groundball, 6D)
Batting: LHB Cisco Gallegos 0-0: Called Strike
0-1: SINGLE (Line Drive, 34D)
Luis Carranza to second
Batting: RHB Salvador Castro 0-0: SINGLE (Groundball, 34D)
Luis Carranza to third
Cisco Gallegos to second
Runner from 3rd tries for Home, SAFE, no throw
Batting: SHB Teko de Bruin 0-0: Called Strike
0-1: Foul Ball, location: 2F
0-2: Ball
1-2: Ball
2-2: Foul Ball, location: 2F
2-2: Ground out U3 (Groundball, 3)
Bottom of the 6th over - 1 run, 4 hits, 0 errors, 2 left on base; Nantucket 5 - Beaverton 7
TOP OF THE 7TH
Nantucket Orcas batting - Pitching for Beaverton Bronze Souls : RHP Wei-liang Zhuan
Pitching: LHP Martín Martínez
Batting: LHB Eugene Lee 0-0: Foul Ball, location: 2F
0-1: Foul Ball, location: 2F
0-2: Ball
1-2: Ball
2-2: Ground out 4-3 (Groundball, 4)
Batting: RHB Paul Bell 0-0: Fly out, F7 (Flyball, 7LMF)
Batting: LHB Dennis King 0-0: Ball
1-0: Called Strike
1-1: Ball
2-1: Foul Ball, location: 2F
2-2: Fly out, F7 (Flyball, 78D)
Top of the 7th over - 0 runs, 0 hits, 0 errors, 0 left on base; Nantucket 5 - Beaverton 7
BOTTOM OF THE 7TH
Beaverton Bronze Souls batting - Pitching for Nantucket Orcas : RHP Chuma Faqihi
Batting: RHB José Dávila 0-0: Foul Ball, location: 2F
0-1: SINGLE (Groundball, 34S) (infield hit)
Batting: LHB José Guillén 0-0: Ball
1-0: Fly out, F3 (Popup, 3SF)
Batting: LHB Chris White 0-0: Ball
José Dávila steals 2nd base
1-0: Called Strike
1-1: Ball
2-1: Ball
3-1: Foul Ball, location: 2F
3-2: Base on Balls
Pitching: RHP Gerard Pérez
Batting: RHB Steve Smith 0-0: Foul Ball, location: 2F
0-1: Foul Ball, location: 2F
0-2: Strikes out swinging
Batting: LHB Balduíno Bruschy 0-0: Ball
1-0: Ball
2-0: Ball
3-0: Base on Balls
José Dávila to third
Chris White to second
Batting: RHB Luis Carranza 0-0: Ball
1-0: Ball
2-0: Foul Ball, location: 2F
2-1: Fly out, F8 (Flyball, 8LS)
Bottom of the 7th over - 0 runs, 1 hit, 0 errors, 3 left on base; Nantucket 5 - Beaverton 7
TOP OF THE 8TH
Nantucket Orcas batting - Pitching for Beaverton Bronze Souls : LHP Martín Martínez
Batting: RHB Armando Hernández 0-0: Ball
1-0: Ball
2-0: Called Strike
2-1: DOUBLE (Flyball, 8RD)
Batting: RHB Curt O'Brian 0-0: Ball
1-0: Ball
2-0: Foul Ball, location: 2F
2-1: Ball
3-1: SINGLE (Groundball, 6S) (infield hit)
Armando Hernández to third
Pinch Hitting: RHB Norberto Navarro 0-0: Called Strike
0-1: Ball
1-1: Ball
2-1: Foul Ball, location: 2F
2-2: Strikes out swinging
Batting: RHB Juan Gómez 0-0: Foul Ball, location: 2F
0-1: Ball
1-1: Foul Ball, location: 2F
1-2: Fly out, F3 (Popup, 3S)
Batting: RHB Charlie Pérez 0-0: Called Strike
0-1: Swinging Strike
0-2: Ball
1-2: Strikes out swinging
Top of the 8th over - 0 runs, 2 hits, 0 errors, 2 left on base; Nantucket 5 - Beaverton 7
BOTTOM OF THE 8TH
Beaverton Bronze Souls batting - Pitching for Nantucket Orcas : RHP Gerard Pérez
Now in LF: Norberto Navarro
Batting: LHB Cisco Gallegos 0-0: SINGLE (Line Drive, 4)
Batting: RHB Salvador Castro 0-0: Ball
Cisco Gallegos steals 2nd base
1-0: Intentional Walk
Batting: SHB Teko de Bruin 0-0: Ball
1-0: Ball
2-0: Swinging Strike
2-1: Fly out, F4 (Line Drive, 4)
Batting: RHB José Dávila 0-0: Ball
Cisco Gallegos steals 3rd base
1-0: Ball
2-0: Foul Ball, location: 2F
2-1: Ball
3-1: Foul Ball, location: 2F
3-2: SINGLE (Line Drive, 4M)
Cisco Gallegos scores
Salvador Castro to second
Batting: LHB José Guillén 0-0: Swinging Strike
0-1: Called Strike
0-2: Strikes out swinging
Batting: LHB Chris White 0-0: Called Strike
0-1: Called Strike
0-2: Fly out, F8 (Flyball, 8RD)
Bottom of the 8th over - 1 run, 2 hits, 0 errors, 2 left on base; Nantucket 5 - Beaverton 8
TOP OF THE 9TH
Nantucket Orcas batting - Pitching for Beaverton Bronze Souls : LHP Martín Martínez
Batting: RHB Demetrio Inrouville 0-0: Ball
1-0: Ball
2-0: Foul Ball, location: 2F
2-1: Foul Ball, location: 2F
2-2: SINGLE (Line Drive, 89M)
Batting: LHB Eugene Lee 0-0: Ball
1-0: Called Strike
1-1: Ball
2-1: SINGLE (Groundball, 34S) (infield hit)
Demetrio Inrouville to second
Batting: RHB Paul Bell 0-0: Ball
1-0: Ball
2-0: SINGLE (Flyball, 9LS)
Demetrio Inrouville to third
Eugene Lee to second
Batting: LHB Dennis King 0-0: Ball
1-0: Ball
2-0: Called Strike
2-1: Foul Ball, location: 2F
2-2: Foul Ball, location: 2F
2-2: Strikes out looking
Batting: RHB Armando Hernández 0-0: Ball
1-0: SINGLE (Groundball, 6MD)
Demetrio Inrouville scores
Eugene Lee to third
Paul Bell to second
Pitching: RHP Emílio Aguirre
Batting: RHB Curt O'Brian 0-0: Ball
1-0: Ball
2-0: Called Strike
2-1: Called Strike
2-2: Ball
3-2: Foul Ball, location: 2F
3-2: Foul Ball, location: 2F
3-2: Grounds into fielders choice 6-2 (Groundball, 6)
Paul Bell to third
Armando Hernández to second
Batting: RHB Norberto Navarro 0-0: Foul Ball, location: 2F
0-1: Ball
1-1: Ball
2-1: Fly out, F7 (Flyball, 7S)
Top of the 9th over - 1 run, 4 hits, 0 errors, 3 left on base; Nantucket 6 - Beaverton 8
Saturday, April 7th, 2018 - OOTP Baseball 18.8 Build 76